AoeStats
← 军军

Nomad

509558152Analyzed
4v4 RM · 6d ago on Sep 27, 2026· 37m 54s· 8 players
Game mode
Random Map
Map size
231×231
Population
200
Speed
Normal
Resources
Standard
Victory
Conquest
Starting age
Dark Age
Ending age
Imperial Age
RankedLock teamsTeams togetherTeam positionsShared explorationLock speedFull tech treeHidden civsTurbo modeCheats
Victory
Defeat
🇨🇳 Spanish · China
1098
+13
🇨🇳 Mongols · China
1060
+14
🇨🇳 Vietnamese · China
1030
+16
🇨🇳 Teutons · China
1000
+51
🇲🇽 Italians · Mexico
1119
-18
🇦🇺 Japanese · Australia
1111
-19
🇦🇷 Shu · Argentina
951
-12
🇦🇷 Dravidians · Argentina
922
-11
ko087389
6:31 Loom
14:34 Feudal Age
15:56 Double-Bit Axe
15:52 Fishing Lines
16:23 Gold Mining
16:17 Horse Collar
18:44 Castle Age
17:34 Stone Mining
19:16 Gillnets
19:37 Bow Saw
19:40 Heavy Plow
19:49 Fletching
21:06 Bodkin Arrow
22:05 Stone Mining
24:24 Wheelbarrow
25:41 Stone Shaft Mining
25:37 Hand Cart
25:08 Town Watch
32:10 Imperial Age
30:07 Town Patrol
30:21 Padded Archer Armor
30:29 Scale Barding Armor
30:27 Chatras
32:15 Chain Barding Armor
32:06 Forging
32:01 Husbandry
32:11 Bloodlines
32:11 Elite Battle Elephant
33:35 Plate Barding Armor
33:13 Guilds
33:41 Crop Rotation
34:17 Two-Man Saw
35:17 Iron Casting
35:34 Paper Money
军军
13:40 Loom
15:46 Feudal Age
17:28 Man-at-Arms
20:51 Wheelbarrow
21:28 Scale Mail Armor
21:38 Forging
31:02 Horse Collar
31:08 Double-Bit Axe
35:37 Castle Age
37:54 Heavy Plow
38:11 Bow Saw
永不投降嘻嘻
3:39 Loom
14:15 Feudal Age
19:19 Castle Age
17:12 Double-Bit Axe
17:08 Horse Collar
22:00 Husbandry
23:26 Bow Saw
27:41 Padded Archer Armor
28:59 Bloodlines
29:35 Leather Archer Armor
30:59 Heavy Plow
33:37 Wheelbarrow
34:27 Gold Mining
34:54 Hand Cart
40:53 Imperial Age
_xy_2252
3:18 Loom
14:28 Feudal Age
15:46 Wheelbarrow
15:08 Double-Bit Axe
18:22 Castle Age
16:21 Fishing Lines
20:50 Gillnets
23:00 Hand Cart
27:06 Horse Collar
27:37 Bow Saw
31:18 Town Watch
37:25 Imperial Age
34:48 Gold Mining
34:50 Stone Mining
35:50 Town Patrol
36:57 Padded Archer Armor
36:48 Fletching
37:20 Ballistics
37:11 Masonry
37:13 Fortified Wall
37:46 Onager
Borzak4113
4:59 Loom
15:33 Feudal Age
16:08 Gold Mining
20:06 Stone Mining
22:59 Castle Age
22:27 Fishing Lines
24:02 Gillnets
24:00 Horse Collar
29:46 Imperial Age
27:24 Double-Bit Axe
28:17 Fletching
28:28 Padded Archer Armor
30:08 Bow Saw
32:43 Conscription
34:00 Heavy Plow
ricky
7:07 Loom
14:29 Feudal Age
18:57 Castle Age
17:15 Fishing Lines
17:58 Fletching
18:24 Double-Bit Axe
20:48 Bow Saw
27:31 Pikeman
28:36 Horse Collar
30:11 Light Cavalry
32:50 Husbandry
33:42 Wheelbarrow
33:26 Elite Skirmisher
36:11 Hand Cart
36:04 Bodkin Arrow
36:21 Thumb Ring
38:06 Gillnets
knoxville2049
4:03 Loom
16:22 Feudal Age
18:34 Man-at-Arms
19:01 Arson
22:23 Scale Mail Armor
28:10 Horse Collar
28:59 Fletching
34:43 Double-Bit Axe
37:32 Scale Barding Armor
39:56 Castle Age
Ghostdog3053
3:39 Loom
15:38 Feudal Age
16:37 Double-Bit Axe
17:16 Fishing Lines
17:18 Man-at-Arms
17:44 Arson
23:42 Castle Age
23:54 Wheelbarrow
24:05 Town Watch
25:27 Forging
26:17 Elite Skirmisher
31:00 Thumb Ring
36:47 Bow Saw
37:32 Scale Mail Armor
38:07 Iron Casting
37:45 Gillnets
Connection lost

Rejoining the realm…

Still unreachable

The connection could not be restored.

Session expired

The server has moved on; the page needs a fresh start.